 Dungeon Crawl Stone Soup version 0.24-a0-447-ge8da9206dc (webtiles) character file.

Game seed: 17745294839005019095

511 pk666 the Magician (level 6, -1/32 HPs)
             Began as a Deep Elf Wizard on June 25, 2019.
             Slain by a hound skeleton (4 damage)
             ... on level 4 of the Dungeon.
             The game lasted 00:09:06 (4882 turns).

pk666 the Magician (Deep Elf Wizard)                Turns: 4882, Time: 00:09:07

Health: -1/32      AC:  4    Str:  4    XL:     6   Next: 99%
Magic:  6/17       EV: 13    Int: 25    God:
Gold:   192        SH:  0    Dex: 13    Spells: 9/18 levels left

rFire    . . .     SeeInvis .   n - +2 dagger (flame)
rCold    . . .     Gourm    .   (no shield)
rNeg     . . .     Faith    .   a - +0 robe
rPois    .         Spirit   .   b - +0 hat
rElec    .         Reflect  .   p - +0 cloak
rCorr    .         Harm     .   o - +0 pair of gloves
MR       .....                  (no boots)
Stlth    ++........             (no amulet)
HPRegen  0.10/turn              (no ring)
MPRegen  0.15/turn              (no ring)

@: no status effects
A: no striking features
a: no special abilities


You were on level 4 of the Dungeon.
You were not hungry.

You visited 1 branch of the dungeon, and saw 4 of its levels.

You collected 192 gold pieces.

Inventory:

Hand Weapons
 n - a +2 dagger of flaming (weapon)
Armour
 a - a +0 robe (worn)
 b - a +0 hat (worn)
 o - a +0 pair of gloves (worn)
 p - a +0 cloak (worn)
Jewellery
 s - a +3 ring of evasion
Scrolls
 c - 4 scrolls of remove curse
 f - a scroll of magic mapping {unknown}
 h - 2 scrolls of blinking {unknown}
 i - a scroll of random uselessness {unknown}
 j - a scroll of noise {unknown}
 k - 2 scrolls of identify {unknown}
 m - a scroll of teleportation {unknown}
 q - a scroll of enchant armour {unknown}
Potions
 e - a potion of curing {unknown}
 g - a potion of cancellation {unknown}
 l - a potion of resistance {unknown}
 r - a potion of might {unknown}
 t - a potion of brilliance {unknown}
 u - a potion of flight {unknown}
Comestibles
 d - 6 rations


   Skills:
 - Level 3.2 Dodging
 - Level 2.4 Stealth
 + Level 6.7 Spellcasting
 + Level 4.1 Conjurations
   Level 1.1 Summonings
 - Level 2.0 Translocations
 + Level 3.2 Fire Magic
 - Level 2.7 Poison Magic


You had 9 spell levels left.
You knew the following spells:

 Your Spells              Type           Power        Failure   Level  Hunger
a - Magic Dart            Conj           ####         1%          1    None
b - Blink                 Tloc           N/A          4%          2    None
c - Conjure Flame         Conj/Fire      ####....     4%          3    None
d - Mephitic Cloud        Conj/Pois/Air  ###.....     9%          3    None

Your spell library contained the following spells:

 Spells                   Type           Power        Failure   Level  Hunger
 Corona                   Hex            #......      7%          1    None
 Call Imp                 Summ           ##......     7%          2    None
 Dazzling Spray           Conj/Hex       ###...       9%          3    None
 Ensorcelled Hibernation  Hex/Ice        #.....       11%         2    None
 Slow                     Hex            #.......     11%         2    None
 Confuse                  Hex            #.......     21%         3    None
 Tukima's Dance           Hex            #.......     21%         3    None


Dungeon Overview and Level Annotations

Branches:
Dungeon (4/15)
 Temple: D:4-7

Altars:
Uskayaw
Wu Jian


Message History

You kill the orc wizard!
The ogre hits something with a +0 giant spiked club!!
Training target 2.0 for Translocations reached!
Your Translocations skill increases to level 2!
You feel a bit more experienced.
The hound skeleton bites you but does no damage.
The orc wizard is engulfed in noxious fumes.
The orc wizard appears confused.
The ogre barely misses something.
The hound skeleton bites you.
* * * LOW HITPOINT WARNING * * *
The hound skeleton closely misses you. The quokka bites you.
* * * LOW HITPOINT WARNING * * *
The hound skeleton bites you.
* * * LOW HITPOINT WARNING * * *
The orc priest miscasts a cantrip.
The hound skeleton closely misses you. The quokka closely misses you.
The quokka twitches its whiskers.
The hound skeleton bites you.
You die...

#...... # .. #.....# #.####o
#.#...# #...... #####.#.#.#
##.....
#...#.#.#.############..
#...#..................#
#............o.........#
#######...#..................#
......[..#.<@Z.....##...†.#.# #
#........##..r.....##.......#
#.#.##...............##.....###
#..........#<##..#....#.....#
#........#.#..............#
####..............##.#.....#
#................#...#.....#
#.##.......#.......###.....#
#.########.#...#.### #.....#


You could see an orc priest, a quokka and a hound skeleton.

Vanquished Creatures
  Sigmund (D:3)
  A howler monkey (D:4)
  A hound (D:4)
  An iguana (D:3)
  3 orc wizards
  A worker ant (D:4)
  5 adders
  2 oozes
  2 worms
  4 dart slugs
  6 leopard geckos
  5 orcs (D:3)
  6 bats
  4 giant cockroaches
  5 goblins
  7 hobgoblins
  10 jackals
  5 kobolds
  3 quokkas
  8 frilled lizards
  A jackal skeleton (D:4)
  9 rats
90 creatures vanquished.

Notes
Turn   | Place    | Note
-------+----------+-------------------------------------------
     0 | D:1      | pk666 the Deep Elf Wizard began the quest for the Orb.
     0 | D:1      | Reached XP level 1. HP: 10/10 MP: 7/7
   378 | D:1      | Reached XP level 2. HP: 15/15 MP: 6/9
  1152 | D:2      | Reached skill level 5 in Spellcasting
  1152 | D:2      | Reached XP level 3. HP: 19/19 MP: 1/11
  1199 | D:2      | Learned a level 2 spell: Blink
  1203 | D:2      | Learned a level 3 spell: Conjure Flame
  1299 | D:1      | Learned a level 3 spell: Mephitic Cloud
  1442 | D:2      | Found a faded altar of an unknown god.
  1683 | D:2      | Found an ornate altar of the Wu Jian Council.
  1797 | D:2      | Reached XP level 4. HP: 24/24 MP: 1/13
  2158 | D:2      | Reached skill level 1 in Fire Magic
  2158 | D:2      | Reached skill level 1 in Poison Magic
  3251 | D:3      | Reached XP level 5. HP: 21/28 MP: 5/15
  3873 | D:3      | Noticed Sigmund
  3891 | D:3      | Killed Sigmund
  3891 | D:3      | Reached skill level 6 in Spellcasting
  3891 | D:3      | Reached XP level 6. HP: 32/32 MP: 1/17
  4854 | D:4      | Found a hide-covered altar of Uskayaw.
  4882 | D:4      | Slain by a hound skeleton

Levels and vault maps discovered:
D:1:      mrwooster_arrival_statue_3, layout_loops_ring
D:2:      minmay_diamond_boxcup, layout_basic, lemuel_round_altar,
          chequers_ecumenical_altar_twisty, first_ration,
          hangedman_decor_lopped, serial_bayou_pond_d
D:3:      layout_basic, uniq_sigmund
D:4:      layout_basic, old_standard_altar, lemuel_crystal_altar,
          ebering_ghost_reflecting_pool, uniq_edmund

Skill      XL: |  1  2  3  4  5  6 |
---------------+-------------------+-----
Dodging        | 3 |  3.2
Conjurations   | 2 3 4 |  4.1
Spellcasting   | 5 6 |  6.7
Fire Magic     | 1 2 3 |  3.2
Poison Magic   | 1 2 |  2.7
Translocations | 2 |  2.0
Stealth        | |  2.4
Summonings     | |  1.1

Action                   |  1- 3 |  4- 6 || total
-------------------------+-------+-------++-------
Melee: Dagger            |       |     6 ||     6
 Cast: Magic Dart        |   116 |   153 ||   269
       Mephitic Cloud    |       |     6 ||     6
       Conjure Flame     |       |     7 ||     7
  Use: Scroll            |       |     1 ||     1
  Eat: Chunk             |     2 |    10 ||    12
Armor: Robe              |     3 |     9 ||    12
Dodge: Dodged            |    13 |    25 ||    38

Table legend:
 A = Non-vault XP
 B = Vault XP
 C = Vault XP percentage of total XP
 D = Non-vault monster count
 E = Vault monster count
 F = Vault count percentage of total count
                 A         B        C        D         E       F
            +---------+---------+-------+---------+---------+-------
      Total |     473 |     257 |  35.2 |      83 |       7 |   7.8
            +---------+---------+-------+---------+---------+-------
        D:1 |      38 |       0 |   0.0 |      17 |       0 |   0.0
        D:2 |      79 |      15 |  16.0 |      29 |       6 |  17.1
        D:3 |     165 |     242 |  59.5 |      29 |       1 |   3.3
        D:4 |     191 |       0 |   0.0 |       8 |       0 |   0.0
            +---------+---------+-------+---------+---------+-------
